 Dungeon Crawl Stone Soup version 0.32-a0-898-g7811c86cf0 (webtiles) character file.

Game seed: 13662100774000378258

56 Lanoc the Slasher (level 3, -1/29 HPs)
             Began as a Coglin Chaos Knight on Apr 4, 2024.
             Was a Plaything of Xom.
             Slain by an adder (4 damage)
             ... on level 2 of the Dungeon.
             The game lasted 00:01:14 (837 turns).

Lanoc the Slasher (Coglin Chaos Knight)              Turns: 837, Time: 00:01:14

Health: -1/29      AC:  5    Str: 12    XL:     3   Next: 97%
Magic:  3/3        EV: 10    Int: 11    God:    Xom [..*...]
Gold:   73         SH:  0    Dex: 15    Spells: 2/2 levels left

rFire   . . .        a - +0 falchion (chaos) {Lin}
rCold   . . .        d - +0 dagger {Santos}
rNeg    . . .        b - +2 leather armour
rPois   .            (no helmet)
rElec   .            (no cloak)
rCorr   .            (no gloves)
SInv    .            (no boots)
Will    +....        (amulet unavailable)
Stlth   +            (ring unavailable)
HPRegen 0.24/turn    (ring unavailable)
MPRegen 0.08/turn    (no gizmo)

%: no passive effects
@: lethally poisoned (-1 -> -4), enlightened, flying, revved
A: off-hand wielding, slow wielding, warmup strikes, no jewellery
a: Invent Gizmo, Renounce Religion


You were on level 2 of the Dungeon.
You worshipped Xom.
You were a toy of Xom.
You visited 1 branch of the dungeon, and saw 2 of its levels.

You collected 73 gold pieces.

Inventory:

Hand Weapons
 a - a +0 falchion of chaos (weapon) {Lin}
 d - a +0 dagger (offhand) {Santos}
Armour
 b - a +2 leather armour (worn)
Talismans
 i - a serpent talisman
Scrolls
 c - a scroll of butterflies
 e - a scroll of teleportation {unknown}
 f - a scroll of poison {unknown}
 g - a scroll of torment {unknown}
 j - a scroll of identify {unknown}
 k - a scroll of enchant weapon {unknown}
Potions
 h - a potion of enlightenment


   Skills:
 + Level 3.4 Fighting
 * Level 3.7 Long Blades
 + Level 2.2 Armour
 + Level 1.5 Dodging


You had 2 spell levels left.
You didn't know any spells.
Your spell library contained the following spells:

 Spells                   Type           Power      Damage    Failure   Level
 Lesser Beckoning         Tloc           0%         N/A       56%         2
 Maxwell's Portable Pile  Tloc           0%         2d(5-13)  80%         3
 Teleport Other           Tloc           0%         N/A       80%         3


Dungeon Overview and Level Annotations

Branches:
Dungeon (2/15)

Altars:


Innate Abilities, Weirdness & Mutations

You can wield a second weapon in your off-hand.
It takes a long time for you to wield or remove held weapons.
Your first few attacks do less damage.
You cannot equip rings or amulets.


Message History

The adder bites your goblin zombie. The endoplasm freezes you.
You are frozen.
The adder bites you.
You miss the adder with your +0 falchion of chaos.
The adder is moderately wounded.
You hit the adder but do no damage.
You feel sick. The adder bites you.
You are more poisoned.
The adder poisons you! The endoplasm freezes you.
You are frozen.
Your goblin zombie barely misses the adder.
The adder bites you but does no damage.
You hit the adder with your +0 dagger.
The adder is heavily wounded.
You slash the adder with your +0 falchion of chaos!
You kill the adder!
You feel very sick.
The endoplasm hits you but does no damage.
Your goblin zombie barely misses the adder.
You feel sick. The adder bites your goblin zombie.
Your goblin zombie barely misses the adder.
You closely miss the adder with your +0 dagger.
You closely miss the adder with your +0 falchion of chaos.
You feel sick. The adder bites your goblin zombie.
Your goblin zombie is destroyed!
The adder barely misses you.
You barely miss the adder with your +0 dagger.
You barely miss the adder with your +0 falchion of chaos.
You feel sick. The adder closely misses you. The adder bites you.
* * * LOW HITPOINT WARNING * * *
A kobold comes into view. It is wielding a +0 dagger.
The adder barely misses you.
It was a potion of enlightenment.
You feel very buoyant.
You fly up into the air.
Xom thinks this is hilarious!
* * * LOW HITPOINT WARNING * * *
You feel sick. The adder barely misses you. The adder bites you.
You die...
Xom snickers!

..........#####....##
...................
..........####.....
.##.....### #.#
#...K.....# #..#
...###....##..# .#.
#.......# ####
#.....###.....
#....@##......
#....SSJ......
######........
##....... .......
.$..... #......
...... ......


You could see 2 adders, an endoplasm and a kobold.

Vanquished Creatures
  An adder (D:2)
  A ribbon worm (D:2)
  A ball python (D:1)
  5 endoplasms
  6 giant cockroaches
  4 hobgoblins
  2 jackals (D:2)
  A quokka (D:2)
  2 bats (D:1)
  A frilled lizard (D:1)
  7 goblins
  4 kobolds (D:1)
  3 rats
38 creatures vanquished.

Vanquished Creatures (others)
  A goblin zombie (D:2)
1 creature vanquished.

Grand Total: 39 creatures vanquished

Notes
Turn   | Place    | Note
-------+----------+-------------------------------------------
     0 | D:1      | Lanoc the Coglin Chaos Knight began the quest for the Orb.
     0 | D:1      | Reached XP level 1. HP: 18/18 MP: 1/1
    55 | D:1      | Reached skill level 1 in Dodging
    61 | D:1      | XOM: silly message
   103 | D:1      | Reached XP level 2. HP: 22/24 MP: 2/2
   122 | D:1      | XOM: silly message
   327 | D:1      | XOM: noise
   349 | D:1      | Reached XP level 3. HP: 24/29 MP: 3/3
   398 | D:1      | XOM: god gift: serpent talisman
   489 | D:1      | XOM: god gift: staff of air
   538 | D:1      | XOM: noise
   753 | D:2      | XOM: silly message
   837 | D:2      | Slain by an adder

Illustrated notes

Levels and vault maps discovered:
D:1:      psy_arrival_heroes, layout_basic, minmay_misc_feat_diagonals,
          minivault_11
D:2:      layout_rooms, serial_shops, nicolae_shop_just_a_little_nook,
          uniq_robin

Skill      XL: |  1  2 |
---------------+-------+-----
Dodging        | 1 |  1.5
Armour         | 2 |  2.2
Fighting       | |  3.4
Long Blades    | |  3.7

Action                     || total
---------------------------++-------
  Melee: Falchion          ||    80
         Dagger            ||    68
    Use: Potion            ||     1
   Stab: Sleeping          ||     1
 Armour: Leather armour    ||    51
  Dodge: Dodged            ||    37

Table legend: (Time is in decaauts)
 A = Elapsed time spent in this place.
 B = Non-inter-level travel time spent in this place.
 C = Inter-level travel time spent in this place.
 D = Time resting spent in this place.
 E = Time spent auto-exploring this place.
 F = Levels seen in this place.
 G = Mean time per level.
                   A        B        C        D        E       F      G
               +--------+--------+--------+--------+--------+-----+--------+
         Total |    838 |    818 |     20 |      0 |    619 |   2 |  419.0 |
       Dungeon |    838 |    818 |     20 |      0 |    619 |   2 |  419.0 |
               +--------+--------+--------+--------+--------+-----+--------+

Top non-repeatable levels by time:
     D:1: 739 daAuts
     D:2: 99 daAuts
